 Dungeon Crawl Stone Soup version 0.29-a0-275-g389c0b56f3 (webtiles) character file.

Game seed: 13827800510700017666

23 jmlagarto the Skirmisher (level 3, 0/33 HPs)
             Began as a Hill Orc Abyssal Knight on Mar 10, 2022.
             Was a Believer of Lugonu.
             Slain by a giant cockroach (1 damage)
             ... on level 2 of the Dungeon.
             The game lasted 00:01:47 (960 turns).

jmlagarto the Skirmisher (Hill Orc Abyssal Knight)   Turns: 960, Time: 00:01:47

Health: 0/33       AC:  3    Str: 17    XL:     3   Next: 0%
Magic:  5/5        EV: 11    Int: 10    God:    Lugonu [**....]
Gold:   37         SH:  0    Dex: 11    Spells: 2/2 levels left

rFire   . . .      SeeInvis .   a - +1 hand axe
rCold   . . .      Faith    .   (no shield)
rNeg    . . .      Spirit   .   b - +0 leather armour
rPois   .          Reflect  .   (no helmet)
rElec   .          Harm     .   (no cloak)
rCorr   .          Rampage  .   (no gloves)
Will    .....                   (no boots)
Stlth   +.........              (no amulet)
HPRegen 0.11/turn               (no ring)
MPRegen 0.09/turn               (no ring)

@: lethally poisoned (0 -> -4)
A: no striking features
a: Renounce Religion, Depart the Abyss, Bend Space


You were on level 2 of the Dungeon.
You worshipped Lugonu.
Lugonu was pleased with you.
You visited 1 branch of the dungeon, and saw 2 of its levels.
You visited the Abyss 1 time.

You collected 37 gold pieces.

Inventory:

Hand Weapons
 a - a +1 hand axe (weapon)
 c - a +3 hunting sling
Armour
 b - a +0 leather armour (worn)
 d - a +0 cloak
Scrolls
 i - a scroll of teleportation {unknown}
Potions
 e - a potion of brilliance {unknown}
 f - a potion of curing {unknown}
 g - 2 potions of mutation {unknown}
 h - a potion of cancellation {unknown}


   Skills:
 + Level 4.1 Fighting
 + Level 3.3 Axes
 + Level 2.5 Armour
 + Level 0.7 Dodging
 + Level 2.7 Invocations


You had 2 spell levels left.
You didn't know any spells.
Your spell library was empty.

Dungeon Overview and Level Annotations

Branches:
Dungeon (2/15)

Altars:


Message History

You feel stronger. x2
There is a stone staircase leading down here.
You climb downwards.
The jackal closely misses you. x2; The adder bites you.
The giant cockroach misses you.
The ball python bites you but does no damage.
The ball python grabs you. The ball python constricts you.
The jackal bites you but does no damage.
The kobold hits you with a +0 dagger.
The endoplasm hits you but does no damage.
The adder completely misses you. The rat barely misses you.
The ball python bites you but does no damage.
The ball python constricts you. The giant cockroach bites you.
There is a stone staircase leading up, spattered with blood here.
The ball python's grasp on you weakens, but your attempt to escape fails.
The jackal misses you. The adder bites you.
You are poisoned.
The adder poisons you! The endoplasm freezes you.
You are frozen.
The kobold hits you with a +0 dagger. The rat bites you.
The giant cockroach misses you. The ball python closely misses you.
The ball python constricts you. The jackal bites you.
The jackal barely misses you.
You escape the ball python's grasp.
You feel sick. The adder completely misses you. The jackal closely misses you.
The jackal bites you but does no damage.
The giant cockroach completely misses you.
The kobold hits you with a +0 dagger.
* * * LOW HITPOINT WARNING * * *
The rat bites you.
* * * LOW HITPOINT WARNING * * *
The endoplasm closely misses you. The adder misses you.
The ball python bites you but does no damage.
The ball python grabs you.
You stop ascending the stairs.
The ball python constricts you.
You escape the ball python's grasp.
* * * LOW HITPOINT WARNING * * *
You feel sick. The jackal bites you.
* * * LOW HITPOINT WARNING * * *
The jackal misses you. The giant cockroach bites you.
You die...

#...$.....
###.........
.)......... #
#.......... #.
>........#
#..#.h.......
#..Shh......
#.K@S....?.
......JrB......
######.........
##.$.....#
##.!...##
######


You could see an adder, an endoplasm, 3 jackals, a giant cockroach, a ball
python, a kobold and a rat.

Vanquished Creatures
  A dart slug (D:1)
  2 ball pythons (D:1)
  3 bats (D:1)
  An endoplasm (D:1)
  6 giant cockroaches (D:1)
  2 hobgoblins (D:1)
  A frilled lizard (D:1)
  A kobold (D:1)
  2 rats (D:1)
19 creatures vanquished.

Notes
Turn   | Place    | Note
-------+----------+-------------------------------------------
     0 | Abyss:1  | jmlagarto the Hill Orc Abyssal Knight began the quest for
                  | the Orb.
     0 | Abyss:1  | Reached XP level 1. HP: 19/19 MP: 2/2
    11 | D:1      | Escaped the Abyss
   189 | D:1      | Reached XP level 2. HP: 23/27 MP: 3/3
   245 | D:1      | Reached skill level 4 in Fighting
   954 | D:1      | Reached XP level 3. HP: 31/33 MP: 5/5
   960 | D:2      | HP: 1/33 [jackal (1)]
   960 | D:2      | Slain by a giant cockroach

Illustrated notes

Levels and vault maps discovered:
D:1:      sevenhm_arrival_forest_fort_small_3, layout_basic, serial_rivers,
          chequers_serial_rivers_room_b, chequers_serial_rivers_small_3,
          chequers_serial_rivers_small_b, chequers_serial_rivers_micro_a,
          chequers_serial_rivers_large_b, minmay_worlds_worst_comb
D:2:      layout_rooms, basic_altar, hellmonk_ecumenical_altar_slurped_away

Skill      XL: |  1  2 |
---------------+-------+-----
Axes           | 3 |  3.3
Fighting       | 4 |  4.1
Armour         | |  2.5
Dodging        | |  0.7
Invocations    | |  2.7

Action                   || total
-------------------------++-------
Melee: Hand axe          ||    43
 Stab: Sleeping          ||     1
Armor: Leather armour    ||    26
Dodge: Dodged            ||    42

Table legend: (Time is in decaauts)
 A = Elapsed time spent in this place.
 B = Non-inter-level travel time spent in this place.
 C = Inter-level travel time spent in this place.
 D = Time resting spent in this place.
 E = Time spent auto-exploring this place.
 F = Levels seen in this place.
 G = Mean time per level.
                   A        B        C        D        E       F      G
               +--------+--------+--------+--------+--------+-----+--------+
         Total |   1022 |   1011 |     11 |      0 |    842 |   3 |  340.7 |
       Dungeon |   1011 |   1000 |     11 |      0 |    838 |   2 |  505.5 |
         Abyss |     11 |     11 |      0 |      0 |      4 |   1 |   11.0 |
               +--------+--------+--------+--------+--------+-----+--------+

Top non-repeatable levels by time:
     D:1: 1005 daAuts
 Abyss:1: 11 daAuts
     D:2: 6 daAuts
